cohdb
Replays
Latest Replays
All Replays
Popular Replays
Top Player Replays
Match Explorer
How It Works
Community
CoH3 Stats
Reddit
Sign in to upload your games and track your stats! →
Sign in with Steam
Match 20364948
Unlisted
Match 20364948
Overview
Messages
Build Orders
End
Selects Airborne Battlegroup
Selects Pathfinders
Construct Weapon Support Center
Pathfinder Squad
M1919 Machine Gun Team
Bazooka Squad
Infantry Support Center
M1919 Machine Gun Team
Engineer Squad
Selects Paratrooper Squad Paradrop
Paratrooper Squad Paradrop
Construct Motor Pool
Munitions Surplus
M24 Chaffee Light Tank
Selects Smoke Bombing Run
Selects Anti-tank Gun Team Paradrop
Anti-tank Gun Team Paradrop
M8 Greyhound Armored Car
ragsword
Neo
MonoChrome
soud
0
0
Comments
sign in to comment!
No comments posted yet!